[ AOE2 MATCH · #484101412 ]
Team RMBurgundians vs Persians
[ REPLAY ANALYSIS · EXTRACTED FROM THE RECORDED GAME ]
Feudal
—
Castle
—
Imperial
—
| APM avg | 6.3 |
| APM peak | 18 |
| eAPM avg | 6.1 |
| Villagers / military | 38 / 0 |
Focus
⚔️ 6.5% · 🌾 93.5%
Feudal
14:05
Castle
—
Imperial
—
| APM avg | 12.0 |
| APM peak | 29 |
| eAPM avg | 7.7 |
| Villagers / military | 56 / 0 |
Focus
⚔️ 0.0% · 🌾 100.0%
Feudal
—
Castle
—
Imperial
—
| APM avg | 10.9 |
| APM peak | 42 |
| eAPM avg | 4.6 |
| Villagers / military | 20 / 0 |
Focus
⚔️ 0.0% · 🌾 100.0%
Feudal
—
Castle
—
Imperial
—
| APM avg | 11.2 |
| APM peak | 30 |
| eAPM avg | 9.5 |
| Villagers / military | 56 / 0 |
Focus
⚔️ 0.0% · 🌾 100.0%
Match map
Initial resources + every placement click. Lines = walls · curves = elevation contours. ◆ gold · ⬟ stone · ● berries · ✦ relic · ◌ wall gap
Your base· ✓ Closed at 12:00 · 0t walls · 3 gate(s)
Sayuri's base· ✓ Closed at 12:00 · 0t walls · 3 gate(s)
oscarivan1904's base· ✓ Closed at 12:00 · 0t walls · 3 gate(s)
PremixedHail436's base· ✓ Closed at 12:00 · 0t walls · 3 gate(s)
Smoothed initial terrain · ◌ = detected wall gap · hover for details
Inputs per minute
— Lucaitasa95 - - Sayuri
Build order — Lucaitasa95
60 actions detected in the replay
| 0:18 | Build | House |
| 0:23 | Build | House |
| 0:26 | Build | House |
| 0:30 | Build | House |
| 0:35 | Create | Villager (Male) |
| 0:35 | Research | Loom |
| 0:36 | Create | Villager (Male) |
| 0:36 | Create | Villager (Male) |
| 0:36 | Create | Villager (Male) |
| 0:37 | Create | Villager (Male) |
| 2:41 | Build | Mill |
| 2:52 | Create | Villager (Male) |
| 2:53 | Create | Villager (Male) |
| 3:16 | Create | Villager (Male) |
| 3:16 | Create | Villager (Male) |
| 3:51 | Create | Villager (Male) |
| 4:20 | Create | Villager (Male) |
| 4:40 | Create | Villager (Male) |
| 5:14 | Create | Villager (Male) |
| 5:32 | Create | Villager (Male) |
| 5:33 | Create | Villager (Male) |
| 5:33 | Create | Villager (Male) |
| 5:51 | Create | Villager (Male) |
| 5:52 | Create | Villager (Male) |
| 7:34 | Create | Villager (Male) |
| 7:34 | Create | Villager (Male) |
| 7:34 | Create | Villager (Male) |
| 7:35 | Create | Villager (Male) |
| 7:35 | Create | Villager (Male) |
| 7:35 | Create | Villager (Male) |
| 7:35 | Create | Villager (Male) |
| 7:36 | Create | Villager (Male) |
| 7:36 | Create | Villager (Male) |
| 8:20 | Build | Lumber Camp |
| 8:24 | Create | Villager (Male) |
| 8:24 | Create | Villager (Male) |
| 8:24 | Create | Villager (Male) |
| 11:11 | Research | Feudal Age |
| 11:35 | Build | Mining Camp |
| 11:51 | Build | Mining Camp |
| 12:02 | Create | Villager (Male) |
| 12:02 | Create | Villager (Male) |
| 12:02 | Create | Villager (Male) |
| 12:03 | Create | Villager (Male) |
| 12:03 | Create | Villager (Male) |
| 12:03 | Create | Villager (Male) |
| 12:03 | Create | Villager (Male) |
| 12:04 | Create | Villager (Male) |
| 12:09 | Build | House |
| 12:10 | Build | House |
| 12:11 | Build | House |
| 12:12 | Build | House |
| 12:14 | Build | House |
| 12:15 | Build | House |
| 12:17 | Build | House |
| 12:18 | Build | House |
| 13:56 | Build | Market |
| 14:05 | Build | Blacksmith |
| 14:13 | Research | Wheelbarrow |
| 14:13 | Research | Town Watch |
Build order — Sayuri
76 actions detected in the replay
| 0:11 | Build | House |
| 0:15 | Build | House |
| 0:18 | Build | House |
| 0:22 | Build | House |
| 0:25 | Build | House |
| 0:28 | Build | House |
| 0:39 | Research | Loom |
| 1:56 | Create | Villager (Male) |
| 1:57 | Create | Villager (Male) |
| 2:36 | Create | Villager (Male) |
| 2:37 | Create | Villager (Male) |
| 2:37 | Create | Villager (Male) |
| 3:06 | Create | Villager (Male) |
| 3:27 | Create | Villager (Male) |
| 3:27 | Create | Villager (Male) |
| 3:28 | Create | Villager (Male) |
| 3:50 | Create | Villager (Male) |
| 3:51 | Create | Villager (Male) |
| 4:15 | Create | Villager (Male) |
| 4:15 | Create | Villager (Male) |
| 4:16 | Create | Villager (Male) |
| 4:26 | Create | Villager (Male) |
| 4:27 | Create | Villager (Male) |
| 4:47 | Create | Villager (Male) |
| 4:47 | Create | Villager (Male) |
| 4:47 | Create | Villager (Male) |
| 4:56 | Create | Villager (Male) |
| 4:57 | Create | Villager (Male) |
| 4:57 | Create | Villager (Male) |
| 5:10 | Create | Villager (Male) |
| 5:10 | Create | Villager (Male) |
| 5:11 | Create | Villager (Male) |
| 5:37 | Create | Villager (Male) |
| 5:37 | Create | Villager (Male) |
| 5:38 | Create | Villager (Male) |
| 6:17 | Create | Villager (Male) |
| 6:18 | Create | Villager (Male) |
| 6:18 | Create | Villager (Male) |
| 7:44 | Create | Villager (Male) |
| 7:44 | Create | Villager (Male) |
| 7:44 | Create | Villager (Male) |
| 7:45 | Create | Villager (Male) |
| 7:45 | Create | Villager (Male) |
| 7:45 | Create | Villager (Male) |
| 7:45 | Create | Villager (Male) |
| 8:12 | Create | Villager (Male) |
| 8:12 | Create | Villager (Male) |
| 8:13 | Create | Villager (Male) |
| 8:13 | Create | Villager (Male) |
| 10:05 | Build | Mill |
| 11:11 | Build | Lumber Camp |
| 11:30 | Create | Villager (Male) |
| 11:53 | Research | Feudal Age |
| 12:16 | Build | Mill |
| 12:34 | Create | Villager (Male) |
| 12:34 | Create | Villager (Male) |
| 12:34 | Create | Villager (Male) |
| 12:34 | Create | Villager (Male) |
| 12:35 | Create | Villager (Male) |
| 12:35 | Create | Villager (Male) |
| 12:35 | Create | Villager (Male) |
| 12:36 | Create | Villager (Male) |
| 12:36 | Create | Villager (Male) |
| 13:19 | Create | Villager (Male) |
| 13:20 | Create | Villager (Male) |
| 13:20 | Create | Villager (Male) |
| 13:20 | Create | Villager (Male) |
| 13:37 | Build | Farm |
| 13:43 | Build | Farm |
| 13:49 | Build | Farm |
| 13:54 | Build | Farm |
| 14:01 | Build | Farm |
| 14:05 | Age | Feudal Age |
| 14:07 | Build | Farm |
| 14:11 | Research | Horse Collar |
| 14:13 | Research | Double-Bit Axe |
Build order — oscarivan1904
38 actions detected in the replay
| 0:52 | Build | House |
| 0:56 | Build | House |
| 1:00 | Research | Loom |
| 1:01 | Create | Villager (Male) |
| 1:01 | Create | Villager (Male) |
| 1:02 | Create | Villager (Male) |
| 1:02 | Create | Villager (Male) |
| 1:02 | Create | Villager (Male) |
| 1:51 | Build | Lumber Camp |
| 2:34 | Build | Mining Camp |
| 3:00 | Create | Villager (Male) |
| 3:00 | Create | Villager (Male) |
| 4:00 | Build | House |
| 4:17 | Create | Villager (Male) |
| 5:17 | Build | Mill |
| 5:43 | Create | Villager (Male) |
| 5:44 | Create | Villager (Male) |
| 6:15 | Build | Farm |
| 6:26 | Create | Villager (Male) |
| 6:50 | Create | Villager (Male) |
| 7:03 | Build | Farm |
| 7:19 | Create | Villager (Male) |
| 7:45 | Create | Villager (Male) |
| 7:57 | Build | Farm |
| 8:14 | Create | Villager (Male) |
| 8:34 | Build | House |
| 8:41 | Build | House |
| 8:52 | Create | Villager (Male) |
| 8:53 | Create | Villager (Male) |
| 8:53 | Create | Villager (Male) |
| 9:30 | Build | Farm |
| 9:42 | Build | Farm |
| 10:15 | Build | Farm |
| 10:30 | Create | Villager (Male) |
| 10:57 | Build | Farm |
| 11:40 | Build | Farm |
| 11:45 | Create | Villager (Male) |
| 12:30 | Research | Feudal Age |
Build order — PremixedHail436
86 actions detected in the replay
| 0:03 | Research | Loom |
| 0:04 | Create | Villager (Male) |
| 0:04 | Create | Villager (Male) |
| 0:05 | Create | Villager (Male) |
| 0:05 | Create | Villager (Male) |
| 0:05 | Create | Villager (Male) |
| 0:29 | Build | House |
| 0:31 | Build | House |
| 0:32 | Build | House |
| 0:34 | Build | House |
| 0:36 | Build | House |
| 0:37 | Build | House |
| 0:39 | Build | House |
| 0:40 | Build | House |
| 2:31 | Create | Villager (Male) |
| 2:31 | Create | Villager (Male) |
| 3:02 | Create | Villager (Male) |
| 3:45 | Create | Villager (Male) |
| 3:45 | Create | Villager (Male) |
| 4:07 | Create | Villager (Male) |
| 4:07 | Create | Villager (Male) |
| 4:31 | Create | Villager (Male) |
| 4:31 | Create | Villager (Male) |
| 4:59 | Build | Mill |
| 5:03 | Create | Villager (Male) |
| 5:03 | Create | Villager (Male) |
| 5:18 | Create | Villager (Male) |
| 5:18 | Create | Villager (Male) |
| 5:39 | Create | Villager (Male) |
| 5:49 | Create | Villager (Male) |
| 5:49 | Create | Villager (Male) |
| 6:15 | Create | Villager (Male) |
| 6:39 | Create | Villager (Male) |
| 6:39 | Create | Villager (Male) |
| 7:04 | Create | Villager (Male) |
| 7:04 | Create | Villager (Male) |
| 7:32 | Build | Lumber Camp |
| 7:44 | Build | Mining Camp |
| 8:02 | Create | Villager (Male) |
| 8:52 | Create | Villager (Male) |
| 8:52 | Create | Villager (Male) |
| 8:52 | Create | Villager (Male) |
| 8:53 | Create | Villager (Male) |
| 8:56 | Create | Villager (Male) |
| 8:56 | Create | Villager (Male) |
| 9:17 | Build | Mill |
| 9:23 | Create | Villager (Male) |
| 9:23 | Create | Villager (Male) |
| 9:23 | Create | Villager (Male) |
| 10:14 | Create | Villager (Male) |
| 10:14 | Create | Villager (Male) |
| 10:29 | Build | Lumber Camp |
| 10:47 | Create | Villager (Male) |
| 10:47 | Create | Villager (Male) |
| 11:32 | Build | Mining Camp |
| 12:03 | Create | Villager (Male) |
| 12:03 | Create | Villager (Male) |
| 12:03 | Create | Villager (Male) |
| 12:04 | Create | Villager (Male) |
| 12:04 | Create | Villager (Male) |
| 12:04 | Create | Villager (Male) |
| 12:04 | Create | Villager (Male) |
| 12:31 | Build | Mining Camp |
| 12:37 | Build | House |
| 12:39 | Build | House |
| 12:40 | Build | House |
| 12:44 | Build | House |
| 12:45 | Build | House |
| 12:47 | Build | House |
| 12:49 | Build | House |
| 12:51 | Build | House |
| 12:55 | Build | House |
| 12:57 | Build | House |
| 12:59 | Build | House |
| 13:02 | Build | House |
| 13:04 | Build | House |
| 13:06 | Build | House |
| 13:51 | Create | Villager (Male) |
| 13:51 | Create | Villager (Male) |
| 13:52 | Create | Villager (Male) |
| 13:52 | Create | Villager (Male) |
| 13:52 | Create | Villager (Male) |
| 13:52 | Create | Villager (Male) |
| 13:53 | Create | Villager (Male) |
| 13:53 | Create | Villager (Male) |
| 13:53 | Create | Villager (Male) |
Match timeline
| 14:05 | Sayuri · age_up feudal |
| 14:20 | oscarivan1904 · resign |
[ AI ANALYSIS · 1 CREDIT ]
What really happened in this match?
Wolo.gg analyzes every decision: build order, eco, micro, common mistakes by bracket. Personalized analysis on WhatsApp or Discord in 30 seconds.
Civ guide
Burgundians
Map guide
Arena
Perfil
Jugador #600744